Map: Para Site LE

Players

Denver

  • Race: Zerg Zerg
  • League: Grandmaster
  • Spawn Location: 5:00

Lambo - Winner!

  • Race: Zerg Zerg
  • League: Grandmaster
  • Spawn Location: 11:00

VOD

Have the link to the VOD?

Description

Time

  • Played on: Jan. 8, 2019, 4:06 p.m.
  • Length: 10:11
Show
View Real Time Build Order
Export as new Build Order

Denver Zerg 

Build Orders: Hatch First 

Get SALT Encoding   

  12  0:00  Drone  
  13  0:13  Overlord  
  13  0:17  Drone  
  14  0:31  Drone x2  
  16  0:48  Hatchery  
  15  0:51  Drone  
  15  0:55  Drone  
  17  0:59  Drone  
  18  1:08  Extractor  
  17  1:15  Spawning Pool  
  17  1:17  Drone  
  17  1:20  Drone  
  18  1:28  Drone  
  19  1:39  Drone  
  20  1:49  Drone  
  21  2:02  Queen x2, Drone x2  
  27  2:08  Metabolic Boost  
  27  2:11  Overlord  
  27  2:13  Drone  
  28  2:30  Hatchery  
  28  2:31  Zergling x2  
  28  2:33  Zergling x2  
  28  2:36  Zergling x2  
  30  2:40  Drone  
  31  2:45  Baneling Nest  
  31  2:46  Drone  
  31  2:50  Drone  
  32  2:54  Overlord  
  32  3:01  Drone  
  32  3:04  Queen  
  35  3:09  Overlord  
  35  3:11  Drone  
  36  3:13  Drone  
  36  3:16  Drone  
  36  3:19  Drone x2  
  40  3:22  Drone  
  40  3:26  Drone  
  42  3:29  Evolution Chamber  
  42  3:32  Zergling x4  
  42  3:34  Zergling x2  
  44  3:36  Baneling x2  
  43  3:42  Drone x3  
  43  3:45  Zergling x2  
  43  3:46  Zergling x2  
  48  3:54  Overlord, Drone x2  
  50  4:00  Lair  
  50  4:04  Extractor  
  50  4:09  Roach Warren  
  48  4:13  Drone x4  
  51  4:24  Baneling x2  
  51  4:25  Drone x7  
  51  4:30  Overlord  
  58  4:33  Drone x3  
  58  4:37  Overlord  
  61  4:41  Zerg Melee Weapons Level 1  
  61  4:43  Extractor  
  60  4:48  Drone x4  
  60  4:49  Overlord  
  64  4:55  Overlord  
  64  4:57  Extractor  
  64  4:59  Extractor  
  62  5:01  Drone  
  62  5:02  Drone x5  
  68  5:11  Spire, Drone  
  68  5:12  Drone  
  68  5:13  Drone  
  69  5:14  Drone  
  69  5:17  Extractor  
  69  5:22  Zergling x2  
  69  5:23  Zergling x8  
  72  5:29  Drone x3  
  72  5:31  Zergling x2  
  72  5:32  Zergling x6  
  79  5:39  Zergling x6  
  81  5:45  Drone x2  
  81  5:47  Zergling x6  
  81  5:49  Baneling x4  
  86  5:51  Overlord  
  86  5:57  Hatchery  
  86  6:00  Drone x7  
  86  6:04  Overlord  
  92  6:09  Baneling x3  
  92  6:10  Baneling  
  91  6:13  Overlord  
  90  6:27  Mutalisk x8  
  90  6:29  Overlord  
  106  6:38  Zerg Flyer Weapons Level 1  
  106  6:39  Drone x8  
  112  6:47  Zerg Melee Weapons Level 2  
  112  6:52  Zergling x10  
  117  6:58  Extractor, Pneumatized Carapace, Overseer  
  117  6:59  Extractor, Overseer  
  117  7:00  Spine Crawler  
  112  7:01  Overseer  
  112  7:05  Zergling x2  
  112  7:06  Zergling x6  
  116  7:09  Spine Crawler, Drone x2  
  116  7:11  Spine Crawler  
  116  7:14  Mutalisk x2  
  120  7:22  Mutalisk  
  120  7:23  Mutalisk  
  120  7:24  Zergling x4  
  120  7:25  Zergling x6  
  120  7:26  Overlord  
  120  7:28  Overseer  
  129  7:30  Queen  
  129  7:33  Overlord  
  129  7:35  Overseer  
  131  7:40  Mutalisk, Overseer  
  131  7:41  Mutalisk  
  135  7:44  Overlord x2, Zergling x2  
  136  7:58  Corruptor x4, Overseer  
  138  8:00  Overlord  
  138  8:05  Overlord x2  
  144  8:06  Corruptor  
  144  8:11  Baneling x4  
  146  8:14  Corruptor x2  
  148  8:22  Corruptor  
  148  8:24  Corruptor  
  148  8:27  Zergling x12  
  153  8:32  Overlord  
  156  8:46  Corruptor x2  
  149  9:00  Corruptor x6  
  144  9:06  Zergling x24  
  149  9:10  Corruptor  
  149  9:15  Corruptor  
  145  9:17  Zergling x6  
  145  9:21  Corruptor  
  150  9:25  Zergling x4  
  150  9:26  Overseer  
  139  9:34  Corruptor x2  
  139  9:36  Zergling x4  
  128  9:38  Zergling x2  
  128  9:41  Zergling x2  
  128  9:42  Zergling x2  
  128  9:44  Zergling x18  
  128  9:45  Zergling x4  
  136  9:50  Zergling x4  
Show
View Real Time Build Order
Export as new Build Order

Lambo Zerg - Winner!

Build Orders: Hatch First 

Get SALT Encoding   

  12  0:00  Drone  
  13  0:14  Overlord  
  13  0:17  Drone  
  14  0:32  Drone x2  
  16  0:47  Hatchery  
  15  0:51  Drone  
  15  0:55  Drone  
  17  0:58  Drone  
  18  1:09  Extractor  
  17  1:13  Spawning Pool  
  17  1:16  Drone  
  17  1:20  Drone  
  18  1:29  Drone  
  19  1:40  Drone  
  20  1:51  Overlord  
  20  1:59  Queen x2  
  20  2:00  Zergling x2  
  25  2:01  Drone  
  26  2:08  Metabolic Boost  
  26  2:10  Drone  
  26  2:13  Drone  
  28  2:21  Drone  
  29  2:24  Drone  
  30  2:34  Hatchery  
  29  2:37  Drone  
  29  2:40  Drone  
  29  2:42  Drone  
  32  2:44  Drone  
  32  2:51  Baneling Nest  
  32  2:53  Overlord  
  32  3:02  Zergling x2  
  32  3:04  Zergling x2  
  33  3:07  Drone  
  33  3:08  Drone  
  36  3:12  Zergling x2  
  36  3:13  Zergling x2  
  36  3:14  Zergling x4  
  36  3:17  Overlord  
  36  3:19  Drone  
  40  3:22  Drone  
  41  3:27  Evolution Chamber  
  41  3:32  Drone  
  41  3:36  Drone  
  41  3:39  Drone x6  
  48  3:46  Baneling x2  
  48  3:49  Queen  
  48  3:51  Drone  
  48  3:52  Drone  
  52  3:56  Zerg Missile Weapons Level 1  
  52  3:58  Extractor  
  52  3:59  Extractor  
  49  4:04  Drone x4  
  49  4:07  Drone x2  
  55  4:10  Drone  
  55  4:15  Overlord  
  56  4:17  Overlord  
  56  4:20  Lair  
  56  4:23  Drone x2  
  58  4:27  Overlord  
  58  4:33  Roach Warren  
  58  4:34  Drone  
  58  4:35  Drone x2  
  58  4:37  Drone x2  
  62  4:41  Drone x2  
  62  4:43  Drone  
  62  4:44  Pneumatized Carapace  
  64  4:55  Overlord  
  64  4:57  Drone x5  
  69  5:02  Drone x3  
  69  5:04  Overlord, Drone  
  73  5:07  Extractor  
  73  5:09  Overlord, Drone x2  
  73  5:13  Extractor  
  74  5:14  Extractor, Drone x2  
  74  5:19  Drone  
  75  5:24  Drone x2  
  75  5:26  Drone x4  
  80  5:38  Glial Reconstitution  
  80  5:40  Roach x3, Hatchery, Spire  
  83  5:45  Roach x2  
  83  5:46  Overseer  
  83  5:48  Roach x2  
  91  5:52  Roach  
  91  5:53  Roach, Zerg Missile Weapons Level 2  
  93  5:57  Roach  
  93  5:58  Roach  
  93  6:03  Overlord  
  97  6:04  Overlord  
  97  6:09  Ravager  
  98  6:14  Overlord  
  98  6:17  Spore Crawler  
  96  6:20  Spore Crawler  
  96  6:21  Spore Crawler, Drone x2  
  96  6:22  Overlord  
  103  6:25  Roach x5  
  103  6:28  Overlord  
  103  6:39  Drone  
  98  6:43  Drone x4  
  102  6:59  Zerg Flyer Armor Level 1, Corruptor  
  102  7:00  Zergling x4, Corruptor x4  
  117  7:08  Corruptor x4  
  114  7:12  Overlord x2  
  114  7:15  Overlord  
  122  7:17  Overlord  
  122  7:22  Overlord, Baneling x4  
  122  7:30  Queen, Corruptor x2  
  122  7:31  Corruptor  
  122  7:35  Corruptor  
  132  7:41  Corruptor  
  134  7:47  Corruptor  
  136  7:55  Spine Crawler  
  136  7:58  Corruptor  
  137  8:02  Corruptor  
  139  8:06  Roach x3, Spine Crawler, Zergling x4  
  146  8:14  Overlord x3  
  146  8:15  Overlord  
  144  8:23  Corruptor  
  144  8:25  Overlord  
  146  8:29  Overlord  
  146  8:34  Overlord  
  146  8:36  Roach x9  
  163  8:46  Roach x5  
  166  8:52  Roach x3  
  166  8:54  Ravager  
  167  8:58  Roach x3  
  154  9:05  Roach  
  154  9:06  Roach x3  
  145  9:13  Roach x2  
  145  9:16  Roach  
  147  9:18  Roach  
  147  9:21  Roach  
  151  9:28  Roach  
  139  9:32  Roach x2  
  139  9:37  Roach x4  
  137  9:41  Roach x4  
  137  9:43  Roach x3  
  143  9:49  Roach x2  
Tags
 
Add a new tag
Caveats
  • Supply blocks, unpowered buildings, or Contaminate may cause inaccurate times.
  • Supply counts are checked every 10 seconds.